General information
- name: BNet
- type: Ladder team game (AT/RT)
- host: Battle.net
- saver: Fury_F
map: TwistedMeadows
- players: 4
- length: 10:39
- speed: Fast
- version: 1.26 W3XP
- replay type: Public
» download(57 KB)
Players
team 1 (winner)
m4n14k (
blue | 78 APM | 831 actions | 10:37)
3 Archmage
2 Blizzard
1 Brilliance Aura
1 Pandaren Brewmaster
1 Breath of Fire
» actions
| Basic commands | 32 | |
| Build / train | 35 | |
| Enter build submenu | 18 | |
| Enter hero's abilities submenu | 4 | |
| Right click | 481 | |
| Select / deselect | 211 | |
| Use ability | 50 | |
831 total
» units
| Peasant | 8 | |
| Footman | 9 | |
| Spell Breaker | 1 | |
| Sorceress | 1 | |
| Priest | 1 | |
20 total
» upgrades
» buildings
| Altar of Kings | 1 | |
| Farm | 8 | |
| Barracks | 1 | |
| Scout Tower | 1 | |
| Arcane Tower | 1 | |
| Lumber Mill | 1 | |
| Keep | 1 | |
| Arcane Vault | 1 | |
| Arcane Sanctum | 2 | |
17 total
» build order
00:04 Altar of Kings
00:05 Farm
00:52 Barracks
01:18 Farm
01:43 Scout Tower
02:02 Farm
02:25 Arcane Tower
03:00 Farm
03:04 Lumber Mill
03:56 Keep
04:50 Farm
05:42 Arcane Vault
06:08 Farm
07:00 Farm
07:02 Arcane Sanctum
07:06 Arcane Sanctum
07:58 Farm
» items
| Scroll of Regeneration | 2 | |
| Lesser Clarity Potion | 2 | |
4 total
Fury_F (
green | 104 APM | 1112 actions | 10:39)
3 Death Knight
2 Death Coil
1 Unholy Aura
1 Lich
1 Frost Nova
» actions
| Assign group hotkey | 21 | |
| Basic commands | 74 | |
| Build / train | 38 | |
| Enter build submenu | 11 | |
| Enter hero's abilities submenu | 4 | |
| Right click | 410 | |
| Select / deselect | 230 | |
| Select group hotkey | 250 | |
| Use ability | 74 | |
1112 total
» units
| Acolyte | 4 | |
| Ghoul | 2 | |
| Crypt Fiend | 6 | |
| Obsidian Statue | 1 | |
13 total
» upgrades
» buildings
| Graveyard | 1 | |
| Crypt | 1 | |
| Altar of Darkness | 1 | |
| Ziggurat | 4 | |
| Tomb of Relics | 1 | |
| Halls of the Dead | 3 | |
| Nerubian Tower | 1 | |
| Slaughterhouse | 1 | |
| Black Citadel | 1 | |
14 total
» build order
00:10 Graveyard
00:14 Crypt
00:43 Altar of Darkness
00:59 Ziggurat
01:31 Tomb of Relics
02:23 Ziggurat
03:48 Halls of the Dead
03:49 Halls of the Dead
03:49 Halls of the Dead
05:02 Ziggurat
05:47 Nerubian Tower
06:41 Slaughterhouse
09:30 Ziggurat
09:32 Black Citadel
» items
| Rod of Necromancy | 2 | |
| Potion of Healing | 2 | |
| Scroll of Town Portal | 2 | |
6 total
team 2 (loser)
J.A.B. (
teal | 115 APM | 1205 actions | 10:29)
2 Far Seer
1 Feral Spirit
1 Chain Lighting
1 Shadow Hunter
1 Serpent Ward
» actions
| Assign group hotkey | 27 | |
| Basic commands | 13 | |
| Build / train | 34 | |
| ESC pressed | 2 | |
| Enter build submenu | 10 | |
| Enter hero's abilities submenu | 3 | |
| Right click | 652 | |
| Select / deselect | 186 | |
| Select group hotkey | 235 | |
| Use ability | 43 | |
1205 total
» units
» upgrades
» buildings
| Altar of Storms | 1 | |
| Orc Burrow | 5 | |
| Barracks | 1 | |
| Voodoo Lounge | 1 | |
| Stronghold | 1 | |
| Spirit Lodge | 1 | |
| Beastiary | 1 | |
11 total
» build order
00:07 Altar of Storms
00:24 Orc Burrow
00:36 Barracks
01:38 Orc Burrow
01:51 Voodoo Lounge
03:19 Stronghold
03:57 Orc Burrow
06:28 Spirit Lodge
06:32 Beastiary
08:56 Orc Burrow
08:56 Orc Burrow
» items
| Scroll of Speed | 1 | |
| Lesser Clarity Potion | 1 | |
2 total
AFARGU (
red | 37 APM | 393 actions | 10:36)
1 Mountain King
1 Storm Bolt
» actions
| Basic commands | 1 | |
| Build / train | 22 | |
| Enter build submenu | 11 | |
| Enter hero's abilities submenu | 1 | |
| Right click | 195 | |
| Select / deselect | 141 | |
| Use ability | 22 | |
393 total
» units
» buildings
| Farm | 2 | |
| Altar of Kings | 1 | |
| Barracks | 1 | |
| Lumber Mill | 1 | |
| Scout Tower | 3 | |
| Blacksmith | 1 | |
| Guard Tower | 2 | |
11 total
» build order
00:07 Farm
00:10 Altar of Kings
00:23 Barracks
01:24 Lumber Mill
02:02 Scout Tower
03:11 Blacksmith
03:15 Farm
03:36 Guard Tower
03:41 Scout Tower
06:10 Guard Tower
07:09 Scout Tower
Chat log
(00:10 / All) J.A.B.: gl hf
(00:14 / All) m4n14k: u2
(00:32 / Allies) m4n14k: hum
(00:37 / Allies) Fury_F: ^^
(01:09 / Allies) Fury_F: i start
(01:12 / Allies) Fury_F: for fiends tt
(02:09 / Allies) Fury_F: will come
(02:14 / Allies) Fury_F: he is noob
(02:21 / Allies) m4n14k: mk
(03:13 / Allies) m4n14k: mk
(03:16 / Allies) m4n14k: go
(03:38 / Allies) m4n14k: fast
(03:43 / Allies) m4n14k: ork wolf 2 lvl
(04:15 / Allies) m4n14k: oj
(04:22 / Allies) m4n14k: ork
(04:25 / Allies) m4n14k: ork
(04:54 / All) m4n14k: borows
(05:00 / All) m4n14k: t2 ork
(06:11 / All) m4n14k: go
(06:17 / Allies) Fury_F: sec
(06:58 / Allies) m4n14k: 3 lvl
(07:45 / Allies) m4n14k: i go ork
(07:47 / All) Fury_F: GG
(07:48 / Allies) m4n14k: win 2 mii
(07:55 / Allies) m4n14k: WIN TIME !
(10:07 / All) J.A.B.: yep this is gg